 Dungeon Crawl Stone Soup version bcrawl-1.18.1 (webtiles) character file.

Game seed: 13542942428514061058

221 Mrkan the Skirmisher (level 5, 0/48 HPs)
             Began as a Hill Orc Archaeologist on Nov 8, 2019.
             Was an Initiate of Dithmenos.
             Slain by Grinder (3 damage)
             ... while paralysed by Grinder
             ... on level 4 of the Dungeon.
             The game lasted 00:06:28 (4562 turns).

Mrkan the Skirmisher (Hill Orc Archaeologist)       Turns: 4562, Time: 00:06:28

Health: 0/48       AC:  9    Str: 15    XL:     5   Next: 98%
Magic:  5/5        EV:  2    Int: 14    God:    Dithmenos [......]
Gold:   116        SH:  0    Dex:  9    Spells: 4/4 levels left

rFire    . . .     SeeInvis .   a - +0 whip
rCold    . . .     Gourm    .   (no shield)
rNeg     . . .     Faith    .   x - +0 ring mail
rPois    .         Spirit   .   c - +1 hat
rElec    .         Reflect  .   (no cloak)
rCorr    .         Harm     .   p - +0 pair of gloves
MR       .....                  d - +1 pair of boots
Stlth    +.........             (no amulet)
HPRegen  0.16/turn              (no ring)
MPRegen  0.09/turn              (no ring)

@: paralysed, studying Fighting
A: no striking features
a: Renounce Religion


You were on level 4 of the Dungeon.
You worshipped Dithmenos.
Dithmenos was noncommittal.
You were not hungry.

You visited 1 branch of the dungeon, and saw 5 of its levels.

You collected 116 gold pieces.

Inventory:

Hand Weapons
 a - a +0 whip (weapon)
Armour
 c - a +1 hat (worn)
 d - a +1 pair of boots (worn)
 p - a +0 pair of gloves (worn)
 x - a +0 ring mail (worn)
Jewellery
 z - an uncursed ring of protection from magic {unknown}
Wands
 t - a wand of flame (11)
Scrolls
 i - 2 scrolls of remove curse {unknown}
 j - a scroll of magic mapping {unknown}
 k - a scroll of amnesia {unknown}
 l - a scroll of teleportation {unknown}
 o - 2 scrolls of enchant weapon {unknown}
 u - 2 scrolls of identify {unknown}
 w - a scroll of noise {unknown}
 y - a scroll of enchant armour {unknown}
Potions
 h - a potion of curing {unknown}
 m - a potion of degeneration {unknown}
 n - a potion of resistance {unknown}
 q - a potion of lignification
 r - a potion of mutation {unknown}
 s - a potion of heal wounds
 v - a potion of berserk rage {unknown}
Books
 e - a manual of Fighting
Miscellaneous
 f - an ancient crate
Comestibles
 b - 2 chunks of flesh
 g - 6 rations {!d}


   Skills:
 * Level 5.0 Fighting
   Level 5.0 Short Blades
   Level 5.0 Long Blades
   Level 5.0 Axes
   Level 5.0 Maces & Flails
   Level 5.0 Polearms
   Level 5.0 Staves
 + Level 3.1 Armour
 - Level 2.6 Dodging
 - Level 2.6 Stealth
   Level 5.0 Unarmed Combat


You had 4 spell levels left.
You didn't know any spells.
Your spell library contained the following spells:

 Spells                   Type           Power        Failure   Level  Hunger
 Recall                   Summ/Tloc      N/A          86%         3    ####...
 Animate Dead             Necr           N/A          99%         4    #####..
 Borgnjor's Vile Clutch   Necr/Erth      #.........   100%        6    #######
 Death Channel            Chrm/Necr      #.........   100%        6    #######
 Simulacrum               Ice/Necr       #.........   100%        6    #######


Dungeon Overview and Level Annotations

Branches:
Dungeon (5/12)
 Temple: D:4-7

Altars:
Dithmenos

Annotations:
D:4 Grinder


Message History

Grinder is moderately wounded.
You hit Grinder.
Grinder is heavily wounded.
Grinder barely misses you.
You hit Grinder but do no damage.
Grinder is heavily wounded.
Grinder gestures at you. You resist with significant effort.
You hit Grinder but do no damage.
Grinder is heavily wounded.
Grinder gestures at you.
You suddenly lose the ability to move!
Grinder gestures at you. Pain shoots through your body!
* * * LOW HITPOINT WARNING * * *
Grinder hits you but does no damage. Grinder hits you.
* * * LOW HITPOINT WARNING * * *
You writhe in agony.
You die...

##.....## ###
##...## #######<#
##o## ##...##.#.#
#.#
#####......###.###.#
........รท.##
##.)..#
####.......###.#####
#........#5##
##.......@##
##...##### #####


You could see Grinder.

Vanquished Creatures
  2 bullfrog skeletons
  A worker ant (D:3)
  A hound zombie (D:4)
  3 adders
  2 oozes (D:2)
  3 worms
  3 dart slugs
  8 leopard geckos
  6 orcs
  A bat (D:1)
  2 giant cockroaches
  6 goblins
  9 hobgoblins
  4 kobolds
  A quokka (D:2)
  3 ball pythons
  6 frilled lizards
  3 rats
64 creatures vanquished.

Notes
Turn   | Place    | Note
-------+----------+-------------------------------------------
     0 | D:1      | Mrkan the Hill Orc Archaeologist began the quest for the
                  | Orb.
     0 | D:1      | Reached XP level 1. HP: 15/15 MP: 1/1
    33 | D:1      | Reached skill level 1 in Fighting
   209 | D:1      | Reached XP level 2. HP: 22/23 MP: 2/2
   521 | D:1      | Reached skill level 1 in Armour
   791 | D:1      | Reached XP level 3. HP: 25/29 MP: 3/3
   940 | D:1      | Reached skill level 2 in Fighting
  2323 | D:2      | Reached XP level 4. HP: 30/37 MP: 4/4
  2327 | D:2      | Found a shadowy altar of Dithmenos.
  2330 | D:2      | Became a worshipper of Dithmenos the Shadowed
  2512 | D:3      | Reached skill level 3 in Fighting
  3152 | D:3      | Reached XP level 5. HP: 46/46 MP: 5/5
  3196 | D:3      | Reached skill level 4 in Fighting
  4209 | D:4      | Noticed Grinder
  4217 | D:4      | Paralysed by Grinder for 3 turns
  4365 | D:4      | Reached skill level 5 in Fighting
  4444 | D:5      | Entered Level 5 of the Dungeon
  4540 | D:4      | Paralysed by Grinder for 3 turns
  4549 | D:4      | Paralysed by Grinder for 3 turns
  4559 | D:4      | Paralysed by Grinder for 4 turns
  4562 | D:4      | Slain by Grinder

Skill      XL: |  1  2  3  4  5 |
---------------+----------------+-----
Fighting       | 1 2 3 5 |  5.0
Armour         | 1 2 3 |  3.1
Short Blades   | |  5.0
Long Blades    | |  5.0
Axes           | |  5.0
Maces & Flails | |  5.0
Polearms       | |  5.0
Staves         | |  5.0
Dodging        | |  2.6
Stealth        | |  2.6
Unarmed Combat | |  5.0

Action                   |  1- 3 |  4- 6 || total
-------------------------+-------+-------++-------
Melee: Whip              |   166 |   206 ||   372
       Punch             |     2 |     5 ||     7
  Use: Potion            |       |     3 ||     3
 Stab: Sleeping          |     6 |     2 ||     8
  Eat: Chunk             |     5 |     7 ||    12
Armor: Robe              |    49 |    44 ||    93
       Skin              |       |    12 ||    12
       Ring mail         |       |     9 ||     9
       Leather armour    |       |     5 ||     5
Dodge: Dodged            |   101 |   108 ||   209
